 Dungeon Crawl Stone Soup version 0.29.1-1-gd02db6906a (webtiles) character file.

Game seed: 16486131626283638840

2699 Pepete the Cleaver (level 9, 0/71 HPs)
             Began as a Formicid Fighter on Sept 22, 2022.
             Slain by a gnoll
             ... wielding a +0 whip
             ... led by a gnoll bouda
              (4 damage)
             ... on level 7 of the Dungeon on Oct 13, 2022.
             The game lasted 00:22:33 (11161 turns).

Pepete the Cleaver (Formicid Fighter)              Turns: 11161, Time: 00:22:34

Health: 0/71       AC: 13    Str: 22    XL:     9   Next: 97%
Magic:  9/9        EV:  8    Int:  9    God:
Gold:   322        SH:  6    Dex: 13    Spells: 8/8 levels left

rFire   . . .      SeeInvis +   a - +0 war axe
rCold   . . .      Faith    .   c - +1 buckler
rNeg    . . .      Spirit   .   B - +0 chain mail
rPois   +          Reflect  .   (helmet unavailable)
rElec   .          Harm     .   d - +0 cloak
rCorr   .          Rampage  .   (no gloves)
Will    .....                   (no boots)
Stlth   ..........              (no amulet)
HPRegen 0.21/turn               t - ring of poison resistance
MPRegen 0.11/turn               (no ring)

@: no status effects
A: permanent stasis, dig shafts and tunnels, antennae 3, four strong arms,
iridescent scales 1, weak 1, subdued magic 1
a: Dig, Shaft Self


You were on level 7 of the Dungeon.
You visited 2 branches of the dungeon, and saw 9 of its levels.
You also visited: Ossuary.

You collected 322 gold pieces.

Inventory:

Hand Weapons
 a - a +0 war axe (weapon)
 h - a +0 giant spiked club
Armour
 c - a +1 buckler (worn)
 d - a +0 cloak (worn)
 B - a +0 chain mail (worn)
Jewellery
 t - a ring of poison resistance (left hand)
 v - a ring of magical power
Wands
 s - a wand of digging (4)
 w - a wand of mindburst (15)
 E - a wand of iceblast (10)
Scrolls
 b - 2 scrolls of blinking {unknown}
 e - 11 scrolls of identify
 k - 3 scrolls of magic mapping
 n - a scroll of enchant weapon
 p - 2 scrolls of enchant armour
 q - a scroll of fear
 u - 2 scrolls of immolation {unknown}
 x - a scroll of teleportation {unknown}
 y - a scroll of torment {unknown}
 z - 2 scrolls of poison {unknown}
 C - a scroll of brand weapon {unknown}
Potions
 j - 3 potions of haste
 l - 3 potions of mutation
 m - 5 potions of lignification
 o - a potion of degeneration
 r - 2 potions of brilliance
 A - a potion of flight
 D - 2 potions of magic


   Skills:
 + Level 6.4 Fighting
 + Level 9.3 Axes
 + Level 7.2 Armour
 + Level 2.2 Dodging
 + Level 2.2 Stealth
 + Level 6.1 Shields


You had 8 spell levels left.
You didn't know any spells.
Your spell library contained the following spells:

 Spells                   Type           Power      Damage    Failure   Level
 Sting                    Tmut/Pois      0%         1d3       97%         1
 Summon Small Mammal      Summ           0%         N/A       97%         1
 Poisonous Vapours        Pois/Air       0%         N/A       99%         2
 Call Canine Familiar     Summ           0%         N/A       100%        3
 Stone Arrow              Conj/Erth      0%         3d7       100%        3
 Summon Guardian Golem    Hex/Summ       0%         N/A       100%        3
 Animate Armour           Summ/Erth      0%         N/A       100%        4
 Olgreb's Toxic Radiance  Pois           0%         N/A       100%        4
 Lehudib's Crystal Spear  Conj/Erth      0%         10d2      100%        8


Dungeon Overview and Level Annotations

Branches:
Dungeon (8/15)             Temple (1/1) D:7         Ossuary (visited)
   Lair: D:8-11

Altars:
Cheibriados
Fedhas
Gozag
Hepliaklqana
Kikubaaqudgha
Makhleb
Nemelex Xobeh
Okawaru
Qazlal
Ru
Sif Muna
Trog
Uskayaw
Vehumet
Xom
Yredelemnul
The Shining One

Shops:
D:2 =

Annotations:
D:5 Grinder
D:7 Prince Ribbit


Innate Abilities, Weirdness & Mutations

You cannot be hasted, slowed, berserked, paralysed or teleported.
You can dig through walls and to a lower floor.
You have a pair of large antennae on your head. (SInv)
Your four strong arms can wield two-handed weapons with a shield.
You are partially covered in iridescent scales. (AC +2)
You are weak. (Str -2)
Your spells are a little easier to cast, but a little less powerful.


Message History

* * * LOW HITPOINT WARNING * * *
You feel better. You block Prince Ribbit's attack.
You feel better. Prince Ribbit barely misses you.
You block Prince Ribbit's attack.
Okay, then.
Prince Ribbit barely misses you. Prince Ribbit closely misses you.
Found a stone staircase leading down.
Prince Ribbit blinks!
A gnoll comes into view. It is wielding a +0 whip.
The gnoll shouts!
There is a stone staircase leading down here.
Prince Ribbit croaks regally.
Prince Ribbit lets out a mournful croak.
You climb downwards.
The orc shouts! x2; You hear an angry hiss.
The orc throws a boomerang.
You block the boomerang.
An orc warrior comes into view. It is wielding a +0 scimitar.
Found 56 gold pieces, a potion of mutation and a dark potion.
There is a stone staircase leading up here.
There are monsters nearby!
The orc warrior shouts!
You climb upwards.
Level annotation: Prince Ribbit Prince Ribbit barely misses you. x2
There is a stone staircase leading down here.
Prince Ribbit attacks as you move away! Prince Ribbit hits you!
* * * LOW HITPOINT WARNING * * *
You block the gnoll's attack. Prince Ribbit attacks as you move away!
Prince Ribbit closely misses you. x2
Prince Ribbit blinks!
The gnoll attacks as you move away! The gnoll hits you with a +0 whip.
* * * LOW HITPOINT WARNING * * *
Prince Ribbit blinks!
You hit the gnoll.
The gnoll is lightly wounded.
The gnoll hits you with a +0 whip.
* * * LOW HITPOINT WARNING * * *
The gnoll attacks as you move away! The gnoll hits you with a +0 whip.
You die...

......### .....#........#..#
......###..#
###..#.{..........
......................######..
.....#........##....{.........
.....#........'...........##
.....#........##.##.#.###.#
.....# .....................
'##### .......##g####.....#.
.# .... #@# .###.# ## #.# .# #
#.# .# #.# ## #.# #.. ###


You could see a gnoll.

Vanquished Creatures
  Sigmund (D:3)
  A wraith (D:5)
  An ice beast (D:4)
  2 black bears
  A sky beast (D:6)
  An ogre (D:5)
  2 phantoms (D:6)
  2 kobold brigands (D:7)
  2 bullfrogs
  10 scorpions
  A jelly (D:5)
  A howler monkey (D:6)
  3 hounds
  4 iguanas
  An orc priest (D:1)
  4 human zombies (Ossuary)
  Crazy Yiuf (D:3)
  Terence (D:2)
  2 orc wizards (D:6)
  A scorpion zombie (Ossuary)
  3 mummies (Ossuary)
  11 adders
  12 gnolls
  2 white imps
  An ufetubus (D:5)
  3 worms
  3 dart slugs
  13 orcs
  9 ball pythons
  9 endoplasms
  7 giant cockroaches
  4 gnoll zombies (Ossuary)
  7 goblins
  6 hobgoblins
  10 jackals
  3 quokkas
  A bat (D:2)
  A goblin zombie (Ossuary)
  A hobgoblin zombie (Ossuary)
  15 kobolds
  A kobold zombie (Ossuary)
  3 orc zombies (Ossuary)
  8 rats
175 creatures vanquished.

Vanquished Creatures (others)
  A gnoll (D:7)
  28 plants
29 creatures vanquished.

Grand Total: 204 creatures vanquished

Notes
Turn   | Place    | Note
-------+----------+-------------------------------------------
     0 | D:1      | Pepete the Formicid Fighter began the quest for the Orb.
     0 | D:1      | Reached XP level 1. HP: 18/18 MP: 1/1
   174 | D:1      | Reached XP level 2. HP: 24/24 MP: 2/2
   922 | D:2      | Reached XP level 3. HP: 29/29 MP: 3/3
  1155 | D:1      | Reached XP level 4. HP: 14/37 MP: 4/4
  2133 | D:1      | Reached XP level 5. HP: 36/42 MP: 5/5
  2140 | D:1      | Reached skill level 3 in Axes
  2474 | D:2      | Found Cooff's Jewellery Boutique.
  2570 | D:2      | Found a faded altar of an unknown god.
  3097 | D:2      | Noticed Terence
  3113 | D:2      | Killed Terence
  3454 | D:2      | Reached XP level 6. HP: 38/48 MP: 6/6
  3747 | D:2      | Reached skill level 5 in Shields
  3997 | D:3      | Found a sparkling altar of Nemelex Xobeh.
  4090 | D:3      | Noticed Sigmund
  4103 | D:3      | Killed Sigmund
  4104 | D:3      | Reached skill level 4 in Axes
  4104 | D:3      | Reached skill level 1 in Dodging
  4104 | D:3      | Reached XP level 7. HP: 40/55 MP: 7/7
  4361 | D:3      | Found a runed translucent door.
  4362 | D:3      | Noticed Crazy Yiuf
  4389 | D:3      | Found a bloodstained altar of Trog.
  4417 | D:3      | Killed Crazy Yiuf
  4418 | D:3      | Reached skill level 5 in Armour
  5910 | D:4      | Found an iron altar of Okawaru.
  6021 | D:4      | Found a burning altar of Makhleb.
  6135 | D:4      | Reached skill level 5 in Axes
  6196 | D:4      | Reached skill level 5 in Fighting
  6219 | D:4      | Gained mutation: You have hidden genetic defects. [potion
                  | of mutation]
  6219 | D:4      | Gained mutation: You are partially covered in iridescent
                  | scales. (AC +2) [potion of mutation]
  6443 | D:4      | Found a shimmering altar of Xom.
  6443 | D:4      | Found a snail-covered altar of Cheibriados.
  6555 | D:4      | Found an ancient bone altar of Kikubaaqudgha.
  6555 | D:4      | Found a blossoming altar of Fedhas.
  6679 | D:5      | Entered Level 5 of the Dungeon
  6747 | D:5      | Reached XP level 8. HP: 45/62 MP: 8/8
  6747 | D:5      | Gained mutation: You are weak. (Str -2) [hidden defects]
  6814 | D:5      | Found a sand-covered staircase.
  6819 | Ossuary  | Entered an ossuary
  6922 | Ossuary  | Reached skill level 6 in Axes
  7339 | Ossuary  | Gained mutation: Your spells are a little easier to cast,
                  | but a little less powerful. [hidden defects]
  7339 | Ossuary  | Lost mutation: You have hidden genetic defects. [hidden
                  | defects expressed]
  7698 | Ossuary  | Reached skill level 7 in Axes
  8079 | Ossuary  | Reached XP level 9. HP: 61/68 MP: 9/9
  8271 | D:5      | Noticed Grinder
  9219 | D:5      | Reached skill level 8 in Axes
 10239 | D:6      | Reached skill level 9 in Axes
 10788 | D:7      | Found a staircase to the Ecumenical Temple.
 10801 | Temple   | Entered the Ecumenical Temple
 10962 | D:7      | Noticed Prince Ribbit
 11013 | D:7      | Reached skill level 1 in Stealth
 11131 | D:7      | HP: 1/71 [Prince Ribbit (13)]
 11161 | D:7      | Slain by a gnoll

Illustrated notes

Levels and vault maps discovered:
D:1:      nzn_arrival_crosshair, layout_basic, minmay_crystal_room,
          chequers_serial_rivers_micro_e
D:2:      cheibrodos_pilgrimage, layout_basic, basic_ecumenical_altar,
          serial_shops, shop, serial_bayou, serial_bayou_pond_e,
          serial_bayou_crossing, serial_bayou_lake_a, serial_bayou_lagoon_b,
          minmay_between, uniq_terence
D:3:      minmay_diamond_boxcup, layout_basic, nicolae_overflow_crystal_walls,
          nemelex_diamond_rough_becter, nrook_mini_backslash, chequers_jeans,
          uniq_crazy_yiuf_cottage, uniq_sigmund
D:4:      layout_rooms, grunt_temple_overflow_growth_and_decay,
          lightli_temple_of_fire, okawaru_gym_becter,
          gammafunk_temple_overflow_elements, minmay_cupped
D:5:      layout_gridville, nicolae_ossuary_entry_false_entrances, uniq_grinder
D:6:      layout_rooms
D:7:      layout_basic, grunt_dithmenos_smoke_and_mirrors,
          gammafunk_temple_overflow_forgotten, minmay_temple_entry_water_ring,
          uniq_prince_ribbit1
D:8:      layout_basic, ebering_dispersal_statue_hall, uniq_pikel
Temple:   nicolae_temple_figure_zero

Skill      XL: |  1  2  3  4  5  6  7  8  9 |
---------------+----------------------------+-----
Armour         | 4 5 6 7 |  7.2
Fighting       | 4 5 6 |  6.4
Axes           | 3 4 5 7 9 |  9.3
Shields        | 5 6 |  6.1
Dodging        | 1 2 |  2.2
Stealth        | 2 |  2.2

Action                   |  1- 3 |  4- 6 |  7- 9 || total
-------------------------+-------+-------+-------++-------
Melee: War axe           |    71 |   119 |   480 ||   670
  Use: Potion            |       |     2 |    20 ||    22
       Scroll            |       |       |     5 ||     5
Armor: Scale mail        |    32 |    47 |   155 ||   234
       Chain mail        |       |       |   136 ||   136
Dodge: Dodged            |    27 |    57 |   257 ||   341
Block: Buckler           |    20 |    26 |   138 ||   184
